Map: Oxide LE

Players

Strange - Winner!

  • Race: Protoss Protoss

Elazer

  • Race: Zerg Zerg

Event: DreamHack SC2 Masters 2021 Winter

VOD

Have the link to the VOD?

Description

Time

  • Played on: Oct. 10, 2021, 12:45 p.m.
  • Length: 12:13

All games in this series

Show
View Real Time Build Order
Export as new Build Order

Strange Protoss - Winner!

Build Orders: 1 Gate Expand, Archon Immortal, Archon Drop, Dark Templar Rush 

Get SALT Encoding   

  12  0:00  Probe  
  13  0:12  Probe  
  14  0:19  Pylon  
  14  0:24  Probe (Chrono Boost)  
  15  0:37  Probe (Chrono Boost)  
  15  0:38  Gateway  
  16  0:46  Assimilator, Probe (Chrono Boost)  
  17  0:51  Probe  
  18  1:04  Probe  
  19  1:12  Pylon  
  19  1:16  Probe  
  20  1:29  Nexus  
  20  1:34  Cybernetics Core  
  20  1:37  Probe  
  21  1:42  Assimilator  
  21  1:49  Probe  
  21  1:52  Pylon  
  22  2:01  Probe  
  22  2:07  Stalker (Chrono Boost)  
  23  2:11  Warp Gate  
  23  2:13  Probe  
  26  2:26  Twilight Council, Probe (Chrono Boost)  
  27  2:32  Adept  
  30  2:38  Probe (Chrono Boost)  
  30  2:43  Probe (Chrono Boost)  
  31  2:46  Probe (Chrono Boost)  
  31  2:50  Probe (Chrono Boost)  
  33  2:54  Probe (Chrono Boost)  
  33  2:55  Probe (Chrono Boost)  
  35  3:00  Gateway  
  35  3:06  Dark Shrine  
  35  3:09  Probe (Chrono Boost)  
  35  3:12  Probe (Chrono Boost)  
  37  3:15  Gateway  
  38  3:20  Probe (Chrono Boost)  
  38  3:23  Probe (Chrono Boost)  
  38  3:24  Pylon  
  38  3:25  Probe (Chrono Boost)  
  40  3:32  Probe  
  40  3:33  Assimilator  
  41  3:35  Assimilator  
  41  3:36  Probe  
  42  3:43  Robotics Facility  
  42  3:44  Probe  
  42  3:48  Probe, Pylon  
  44  3:56  Probe  
  44  4:00  Probe  
  46  4:06  Pylon  
  46  4:08  Probe  
  47  4:11  Adept x2  
  47  4:13  Probe  
  47  4:15  Pylon  
  52  4:19  Shadow Stride  
  52  4:21  Probe  
  53  4:24  Pylon  
  53  4:26  Gateway  
  53  4:33  Warp Prism (Chrono Boost)  
  55  4:44  Dark Templar x3  
  61  4:52  Shield Battery  
  57  4:59  Pylon  
  57  5:02  Pylon  
  55  5:24  Dark Templar x4  
  63  5:32  Shield Battery x2  
  63  5:36  Immortal  
  67  5:44  Pylon x2  
  67  5:48  Pylon  
  67  5:56  Dark Templar x2  
  71  5:57  Zealot x2  
  75  6:15  Immortal  
  79  6:18  Archon  
  79  6:23  Gateway, Forge  
  79  6:29  Archon x2  
  79  6:32  Sentry  
  81  6:38  Pylon  
  81  6:39  Nexus  
  81  6:40  Pylon  
  81  6:42  Archon  
  81  6:45  Charge (Chrono Boost)  
  81  6:48  Protoss Ground Weapons Level 1 (Chrono Boost)  
  81  6:54  Immortal  
  85  7:02  Probe x2  
  85  7:03  Dark Templar x2  
  85  7:07  Pylon  
  89  7:15  Gateway  
  89  7:16  Gateway x2  
  89  7:23  Stalker x2  
  89  7:26  Archon  
  89  7:28  Shield Battery  
  93  7:33  Observer, Gateway  
  94  7:42  Dark Templar x2  
  98  7:49  Zealot  
  98  7:50  Zealot, Pylon  
  98  7:51  Archon  
  102  7:53  Probe x2  
  104  8:12  Dark Templar x2  
  106  8:13  Zealot x3  
  106  8:14  Zealot x2  
  106  8:19  Archon  
  118  8:34  Dark Templar x2  
  118  8:37  Zealot x3  
  118  8:38  Dark Templar  
  130  8:42  Archon  
  130  8:45  Zealot x2  
  116  9:00  Immortal  
  120  9:05  Protoss Ground Weapons Level 2 (Chrono Boost)  
  120  9:06  Zealot x4  
  126  9:20  Zealot, Sentry  
  124  9:28  Zealot  
  126  9:34  Zealot  
  120  9:47  Pylon x2  
  120  10:05  Pylon  
  120  10:11  Dark Templar x2  
  120  10:12  Zealot x6  
  136  10:17  Archon  
  136  10:54  Zealot x6  
  136  10:55  Zealot  
  146  11:25  Stalker x5  
  144  11:26  Stalker x2  
  109  11:36  Dark Templar  
  97  11:53  Zealot x3  
Show
View Real Time Build Order
Export as new Build Order

Elazer Zerg 

Build Orders: Hatch First 

Get SALT Encoding   

  12  0:00  Drone  
  13  0:12  Overlord  
  13  0:17  Drone  
  14  0:30  Drone x2  
  16  0:47  Hatchery  
  15  0:51  Drone  
  15  0:54  Drone  
  17  0:58  Drone  
  18  1:08  Extractor  
  17  1:12  Spawning Pool  
  17  1:15  Drone  
  17  1:19  Drone  
  18  1:28  Drone  
  19  1:39  Drone  
  20  1:48  Hatchery  
  20  1:49  Drone  
  20  1:59  Queen  
  20  2:01  Drone  
  23  2:04  Drone  
  24  2:10  Drone  
  24  2:14  Overlord  
  25  2:20  Queen  
  27  2:23  Drone  
  28  2:33  Zergling x4  
  28  2:34  Drone  
  28  2:36  Queen  
  33  2:43  Drone x2  
  35  2:50  Metabolic Boost  
  35  2:53  Overlord  
  35  2:54  Drone  
  36  2:59  Queen  
  36  3:04  Drone x2  
  36  3:05  Drone  
  41  3:13  Drone  
  41  3:19  Queen  
  44  3:21  Spore Crawler  
  44  3:22  Drone x3  
  44  3:25  Drone  
  44  3:26  Drone  
  48  3:30  Overlord  
  48  3:33  Overlord  
  48  3:35  Drone  
  48  3:36  Drone  
  50  3:48  Drone x2  
  50  3:49  Drone x2  
  50  3:51  Drone x6  
  50  3:55  Drone  
  61  4:01  Queen  
  61  4:02  Roach Warren  
  62  4:06  Overlord  
  62  4:13  Zergling x8  
  66  4:19  Zergling x2, Spore Crawler  
  66  4:23  Overlord  
  66  4:27  Zergling x14  
  73  4:34  Overlord  
  73  4:35  Zergling x2  
  73  4:36  Lair  
  74  4:41  Overlord  
  73  4:49  Drone x2  
  73  4:50  Drone x7  
  73  4:51  Queen  
  73  4:52  Queen  
  85  4:55  Overlord  
  85  5:01  Zergling x2  
  85  5:02  Zergling x6  
  85  5:06  Extractor  
  87  5:07  Extractor  
  87  5:12  Overlord  
  86  5:18  Zergling x4  
  86  5:19  Zergling x8  
  92  5:24  Overlord  
  92  5:27  Queen  
  92  5:28  Drone x5, Queen  
  100  5:34  Queen  
  100  5:39  Spore Crawler, Overlord  
  98  5:44  Zergling x12  
  103  5:52  Overlord  
  102  5:57  Zergling x2  
  102  5:58  Zergling x8  
  103  6:05  Roach x4  
  103  6:07  Overseer x2  
  103  6:09  Roach  
  109  6:15  Roach x5  
  109  6:17  Pneumatized Carapace  
  119  6:31  Hatchery  
  119  6:32  Roach x4  
  126  6:35  Overseer  
  126  6:41  Drone  
  126  6:43  Overlord  
  127  6:50  Roach x2  
  131  6:55  Overlord  
  131  6:56  Overlord  
  131  6:57  Hatchery, Overlord  
  129  7:04  Drone x2, Infestation Pit  
  129  7:06  Drone  
  129  7:07  Evolution Chamber, Extractor  
  129  7:25  Drone  
  129  7:26  Drone x5, Hatchery  
  134  7:31  Roach  
  136  7:42  Hive  
  136  7:45  Spire  
  136  7:46  Roach  
  136  7:49  Drone x3, Extractor x2  
  136  7:50  Drone x3  
  141  8:01  Roach x4  
  149  8:14  Roach x4  
  157  8:21  Ravager x2  
  157  8:24  Roach x3  
  157  8:26  Overlord x2  
  165  8:27  Roach  
  165  8:28  Hatchery, Roach  
  165  8:32  Roach  
  176  8:41  Roach x3  
  176  8:44  Overlord x2  
  176  8:45  Overlord  
  175  8:51  Ravager x3  
  175  8:57  Roach  
  175  8:58  Roach x4  
  175  8:59  Roach  
  183  9:06  Roach x4  
  185  9:14  Roach  
  184  9:17  Ravager  
  178  9:29  Overlord x2  
  178  9:30  Greater Spire  
  175  9:31  Hatchery  
  175  9:37  Ravager  
  171  9:44  Corruptor x2  
  166  9:52  Roach x3  
  159  10:01  Extractor  
  159  10:04  Extractor  
  159  10:06  Roach x5  
  165  10:18  Zergling x20  
  174  10:29  Spine Crawler  
  174  10:35  Ravager x4  
  177  10:41  Zergling x18  
  188  10:50  Brood Lord  
  188  10:52  Brood Lord, Overlord  
  188  10:55  Spine Crawler x2  
  188  10:56  Spine Crawler x2  
  182  11:06  Corruptor  
  182  11:07  Corruptor  
  156  11:28  Roach x8  
  110  11:41  Corruptor  
  98  11:49  Zergling x2  
  88  11:57  Drone  

Tags
 
Add a new tag
Caveats
  • Supply blocks, unpowered buildings, or Contaminate may cause inaccurate times.
  • Supply counts are checked every 10 seconds.